 Dungeon Crawl Stone Soup version 0.28-a0-1493-g08698888e4 (webtiles) character file.

Game seed: 11891216267878732040

758 murtidash the Magician (level 8, -3/50 HPs)
             Began as a Djinni Ice Elementalist on Jan 12, 2022.
             Was an Initiate of Makhleb.
             Shot with an arrow by a centaur (5 damage)
             ... on level 8 of the Dungeon.
             The game lasted 00:09:38 (6332 turns).

murtidash the Magician (Djinni Ice Elementalist)    Turns: 6332, Time: 00:09:38

Health: -3/50      AC:  2    Str:  7    XL:     8   Next: 7%
Gold:   182        EV: 12    Int: 18    God:    Makhleb [......] SH:  0 Dex: 15

rFire   + + .      SeeInvis +   h - +2 short sword (freeze)
rCold   x . .      Faith    +   (no shield)
rNeg    . . .      Spirit   .   a - +0 robe
rPois   ∞          Reflect  .   (no helmet)
rElec   .          Harm     .   (no cloak)
rCorr   .          Rampage  .   (no gloves)
Will    .....                   (boots unavailable)
Stlth   ++........              o - amulet "Isto Ent" {Faith SInv}
HPRegen 0.16/turn               (no ring)
MPRegen 0.00/turn               (no ring)

@: flying
A: sickness immunity, fire resistance 2, cold vulnerability 1, float, innate
caster, hp casting, extra vitality 1
a: Renounce Religion


You were on level 8 of the Dungeon.
You worshipped Makhleb.
Makhleb was noncommittal.
You visited 2 branches of the dungeon, and saw 7 of its levels.

You collected 182 gold pieces.

Inventory:

Hand Weapons
 f - a +0 dagger
   (You took it off a goblin on level 1 of the Dungeon)
 h - a +2 short sword of freezing (weapon)
   (You took it off a kobold on level 2 of the Dungeon)
 m - a +2 short sword of distortion {!w}
   (You took it off an orc on level 4 of the Dungeon)
Armour
 a - a +0 robe (worn)
Jewellery
 o - the amulet "Isto Ent" (around neck) {Faith SInv}
   (You found it on level 4 of the Dungeon)

   [amulet of faith]

   It allows you to gain divine favour quickly.
   SInv:      It lets you see invisible.
Wands
 p - a wand of iceblast (6)
   (You found it on level 4 of the Dungeon)
Scrolls
 d - 2 scrolls of identify {@r1}
 e - a scroll of enchant weapon {unknown}
 j - a scroll of vulnerability {unknown}
 l - a scroll of fear {unknown}
Potions
 b - 2 potions of berserk rage {unknown}
 c - a potion of mutation {unknown}
 g - a potion of attraction {unknown}
 i - a potion of heal wounds {unknown}
 n - a potion of curing {unknown}


   Skills:
 - Level 2.5 Dodging
 - Level 1.8 Stealth
 + Level 7.1 Spellcasting


You had 5 spell levels left.
You knew the following spells:

 Your Spells              Type           Power      Damage    Failure   Level
a - Frozen Ramparts       Ice            64%        1d8       1%          3
A - Ozocubu's Armour      Ice            32%        N/A       1%          3
K - Corpse Rot            Necr/Air       64%        N/A       1%          2
M - Static Discharge      Conj/Air       32%        N/A       1%          2
U - Animate Skeleton      Necr           64%        N/A       1%          1
X - Hailstorm             Conj/Ice       32%        3d8       5%          4
Z - Freeze                Ice            100%       1d11      1%          1
Your spell library was empty.

Dungeon Overview and Level Annotations

Branches:
Dungeon (5/15)             Temple (1/1) D:4

Altars:
Cheibriados
Fedhas
Gozag
Hepliaklqana
Makhleb
Nemelex Xobeh
Okawaru
Qazlal
Ru
Sif Muna
Trog
Wu Jian
Xom
Yredelemnul
Zin

Shops:
D:4 ((*

Annotations:
D:5 Sigmund


Innate Abilities, Weirdness & Mutations

You are immune to sickness and miasma.
You are immune to poison.
Your flesh is very heat resistant. (rF++)
You are vulnerable to cold. (rC-)
You float through the air rather than walking.
You learn spells naturally, not from books.
Your magical power is your life essence.
You have superior vitality. (+4 MHP)


Message History

The orc priest shouts!
The orc priest hits you with a +0 mace.
You take 1 damage, and have 49/50 hp.
Aim: an orc priest, wielding a +0 mace You freeze the orc priest!
The orc priest miscasts a cantrip.
You take 1 damage, and have 48/50 hp.
Aim: an orc priest, wielding a +0 mace (severely wounded)
You freeze the orc priest. The orc priest hits you with a +0 mace.
You take 1 damage, and have 47/50 hp.
Aim: an orc priest, wielding a +0 mace (almost dead)
You freeze the orc priest.
You kill the orc priest!
Makhleb accepts your kill.
You take 1 damage, and have 46/50 hp.
You now have 182 gold pieces (gained 12).
Things that are here:
a +0 mace; an orc corpse Health restored: 50
d - 3 scrolls labelled BAS UNOQIABLED (gained 1)
o - the amulet "Isto Ent" {Faith SInv} Really put on
o - the amulet "Isto Ent" {Faith SInv}?
You start putting on your amulet.
You continue putting on the amulet "Isto Ent" {Faith SInv}. x5
You finish putting on the amulet "Isto Ent" {Faith SInv}.
You feel a surge of divine interest.
o - the amulet "Isto Ent" (around neck) {Faith SInv}
p - a wand of iceblast (6)
There is an open door here.
Things that are here:
a +0 chain mail; a +0 flail Done exploring.
Done exploring.
Things that are here:
a +0 chain mail; a +0 flail You see here a +0 mace.
There is an open door here.
There is a stone staircase leading down here.
You fly downwards.
A sourceless malevolence fills the Dungeon...
You are sucked into a shaft and drop 3 floors!
The shaft crumbles and collapses.
A two-headed ogre comes into view.
It is wielding two +0 giant spiked clubs.
The two-headed ogre shouts in stereo!
A black bear comes into view.
The black bear growls angrily.
You hear a loud, deep croak!
A water moccasin comes into view.
An orc comes into view. It is wielding a +0 falchion.
Unknown command.
As you read the scroll labelled BAS UNOQIABLED, it crumbles to dust.
It is a scroll of identify.
k - a scroll of teleportation A yak comes into view.
Something hits the fungus.
The fungus begins to die.
The water moccasin completely misses the fungus.
As you read the scroll of teleportation, it crumbles to dust.
You feel strangely unstable. The two-headed ogre closely misses you.
The two-headed ogre hits you with a +0 giant spiked club!
The water moccasin bites the plant!
The plant begins to die.
The plant is poisoned.
The water moccasin poisons the plant!
Something hits the fungus.
The fungus begins to die.
You take 10 damage, and have 40/50 hp.
Something bites the fungus.
The fungus begins to die.
A bullfrog comes into view.
Your surroundings suddenly seem different.
The bullfrog moves out of view. 4 yaks come into view.
The yak bellows! x3
Unknown command.
You see here a +0 shortbow.
A centaur comes into view.
You see here 9 stones.
The centaur shouts!
The centaur wields a +0 shortbow.
The centaur shoots an arrow.
The arrow hits you.
You take 4 damage, and have 41/50 hp.
The centaur unwields a +0 shortbow.
The centaur hits you. The centaur completely misses you.
You take 1 damage, and have 40/50 hp.
The centaur closely misses you. x2; The centaur misses you.
The centaur kicks you.
You take 3 damage, and have 37/50 hp.
The centaur hits you. The centaur kicks you.
You take 2 damage, and have 35/50 hp.
Found a stone staircase leading up.
The centaur wields a +0 shortbow.
The centaur shoots an arrow.
The arrow barely misses you.
The centaur shoots an arrow.
The arrow barely misses you.
The centaur shoots an arrow.
The arrow hits you!
You take 10 damage, and have 25/50 hp.
The centaur shoots an arrow.
The arrow hits you!
* * * LOW HITPOINT WARNING * * *
You take 12 damage, and have 14/50 hp.
MASSIVE DAMAGE!!
The centaur shoots an arrow.
The arrow hits you!
* * * LOW HITPOINT WARNING * * *
You take 12 damage, and have 2/50 hp.
MASSIVE DAMAGE!!
The centaur shoots an arrow.
The arrow closely misses you. 3 wights come into view.
The wight moves out of view.
The centaur shoots an arrow.
The arrow hits you.
You die...

### ..z.z ##.#$#
.z....##########
............Y..##
#@....c...#
########Y.# #..#
#.Y# #..# #..#
#Y(# #..########
#....Y..Y.)


You could see 2 yaks, a centaur and 3 wights.

Vanquished Creatures
  Grinder (D:4)
  An ogre (D:3)
  2 scorpions (D:4)
  A howler monkey (D:4)
  A jelly (D:4)
  2 orc priests (D:4)
  An orc wizard (D:3)
  Natasha (thrice) (D:3)
  A hound skeleton (D:4)
  3 adders
  3 worms
  An adder skeleton (D:4)
  3 dart slugs
  11 orcs
  7 endoplasms
  5 giant cockroaches
  9 goblins
  2 hobgoblins
  2 jackals (D:1)
  3 quokkas
  4 ball pythons
  4 bats
  3 frilled lizards
  6 kobolds
  2 rats
81 creatures vanquished.

Vanquished Creatures (others)
  27 fungi (D:8)
  27 plants
  4 withered plants (D:2)
58 creatures vanquished.

Grand Total: 139 creatures vanquished

Notes
Turn   | Place    | Note
-------+----------+-------------------------------------------
     0 | D:1      | murtidash the Djinni Ice Elementalist began the quest for
                  | the Orb.
     0 | D:1      | Reached XP level 1. HP: 15/15 MP: 0/0
   107 | D:1      | Reached XP level 2. HP: 14/21 MP: 0/0
   962 | D:2      | Reached XP level 3. HP: 19/25 MP: 0/0
   962 | D:2      | Learned a level 1 spell: Animate Skeleton
  1049 | D:2      | Found a faded altar of an unknown god.
  1188 | D:2      | HP: 4/25 [frozen (4)]
  1719 | D:2      | Reached skill level 4 in Spellcasting
  1851 | D:2      | Reached XP level 4. HP: 14/31 MP: 0/0
  2236 | D:3      | Noticed Natasha
  2239 | D:3      | Killed Natasha
  2363 | D:3      | Found an ornate altar of the Wu Jian Council.
  2365 | D:3      | Noticed Natasha
  2372 | D:3      | Killed Natasha
  2373 | D:3      | Reached XP level 5. HP: 31/35 MP: 0/0
  2373 | D:3      | Learned a level 2 spell: Static Discharge
  2845 | D:3      | Noticed an ogre
  2855 | D:3      | Killed an ogre
  2856 | D:3      | Reached skill level 5 in Spellcasting
  2856 | D:3      | Reached XP level 6. HP: 17/40 MP: 0/0
  2873 | D:3      | Noticed Natasha
  2880 | D:3      | HP: 8/40 [Natasha (8)]
  2881 | D:3      | HP: 3/40 [Natasha (2)]
  2883 | D:3      | Killed Natasha
  3458 | D:3      | Found a sparkling altar of Nemelex Xobeh.
  4429 | D:4      | Found a staircase to the Ecumenical Temple.
  4451 | Temple   | Entered the Ecumenical Temple
  4631 | Temple   | Became a worshipper of Makhleb the Destroyer
  4683 | D:4      | Found Hutaih's Antique Weapon Shoppe.
  4683 | D:4      | Found Adeckapt's Antique Weapon Emporium.
  4683 | D:4      | Found Xateiwk's General Store.
  5048 | D:4      | Noticed Grinder
  5060 | D:4      | Paralysed by Grinder for 4 turns
  5066 | D:4      | Killed Grinder
  5067 | D:4      | Reached skill level 6 in Spellcasting
  5067 | D:4      | Reached XP level 7. HP: 11/45 MP: 0/0
  5067 | D:4      | Learned a level 2 spell: Corpse Rot
  5592 | D:4      | Reached skill level 7 in Spellcasting
  5592 | D:4      | Reached XP level 8. HP: 43/50 MP: 0/0
  6087 | D:4      | Identified the amulet "Isto Ent" {Faith SInv}
  6278 | D:5      | Entered Level 5 of the Dungeon
  6278 | D:5      | Noticed Sigmund
  6278 | D:8      | Noticed a two-headed ogre
  6285 | D:8      | Noticed a yak
  6297 | D:8      | Noticed a yak
  6297 | D:8      | Noticed a yak
  6297 | D:8      | Noticed a yak
  6297 | D:8      | Noticed a yak
  6329 | D:8      | HP: 2/50 [centaur/arrow (12)]
  6332 | D:8      | Shot with an arrow by a centaur

Illustrated notes

Levels and vault maps discovered:
D:1:      lemuel_arrival_rhombus, layout_rooms,
          nicolae_concentric_dashed_squares_mild
D:2:      layout_rooms, shapermc_ecumenical_altar_flowoftime
D:3:      layout_basic, mainiacjoe_overflow_alcove_2,
          mainiacjoe_overflow_tiny_flanked, uniq_natasha
D:4:      layout_basic, minmay_temple_entry_crystal_x, nicolae_wooded_promenade,
          kennysheep_generic_room_14, uniq_grinder
D:5:      layout_gridville, serial_shops, nicolae_shop_crystal,
          kennysheep_small_square, uniq_sigmund, uniq_eustachio
D:8:      layout_loops_ring, due_lair_maze_entry_diamond, nicolae_specific_store
Temple:   eino_temple_rhombus

Skill      XL: |  1  2  3  4  5  6  7 |
---------------+----------------------+-----
Spellcasting   | 4 5 6 7 |  7.1
Dodging        | |  2.5
Stealth        | |  1.8

Action                   |  1- 3 |  4- 6 |  7- 9 || total
-------------------------+-------+-------+-------++-------
Melee: Dagger            |     4 |       |       ||     4
       Unarmed           |     2 |       |       ||     2
       Short sword       |       |    25 |     7 ||    32
       Punch             |       |     1 |       ||     1
 Cast: Freeze            |    49 |    46 |    31 ||   126
       Frozen Ramparts   |       |    16 |     3 ||    19
       Static Discharge  |       |     5 |       ||     5
       Animate Skeleton  |       |     1 |       ||     1
       Ozocubu's Armour  |       |     1 |       ||     1
       Hailstorm         |       |     6 |       ||     6
       Corpse Rot        |       |       |     1 ||     1
  Use: Scroll            |       |       |     2 ||     2
Armor: Robe              |     5 |     5 |     8 ||    18
Dodge: Dodged            |    16 |    25 |    25 ||    66

Table legend: (Time is in decaauts)
 A = Elapsed time spent in this place.
 B = Non-inter-level travel time spent in this place.
 C = Inter-level travel time spent in this place.
 D = Time resting spent in this place.
 E = Time spent auto-exploring this place.
 F = Levels seen in this place.
 G = Mean time per level.
                   A        B        C        D        E       F      G
               +--------+--------+--------+--------+--------+-----+--------+
         Total |   6333 |   6215 |    118 |    735 |   4786 |   7 |  904.7 |
       Dungeon |   6142 |   6033 |    109 |    735 |   4621 |   6 | 1023.7 |
        Temple |    190 |    181 |      9 |      0 |    165 |   1 |  190.0 |
               +--------+--------+--------+--------+--------+-----+--------+

Top non-repeatable levels by time:
     D:4: 2254 daAuts
     D:3: 1598 daAuts
     D:2: 1290 daAuts
     D:1: 946 daAuts
  Temple: 190 daAuts
     D:8: 53 daAuts

Table legend:
 A = Kills in this place as a percentage of kills in entire the game.
 B = Kills by you in this place as a percentage of kills by you in the entire game.
 C = Kills by friends in this place as a percentage of kills by friends in the entire game.
 D = Other kills in this place as a percentage of other kills in the entire game.
 E = Experience gained in this place as a percentage of experience gained in the entire game.
 F = Experience gained in this place divided by the number of levels of this place that you have seen.
                   A       B       C       D       E      F
               +-------+-------+-------+-------+-------+----------------------
         Total | 100.0 | 100.0 |   N/A |   N/A | 100.0 | 154.9
       Dungeon | 100.0 | 100.0 |   N/A |   N/A | 100.0 | 180.7
               +-------+-------+-------+-------+-------+----------------------
